 Dungeon Crawl Stone Soup version 0.28-a0-474-g535839065c (webtiles) character file.

Game seed: 10728098865503998622

7 spiderkeys the Skirmisher (level 2, -1/21 HPs)
             Began as an Octopode Abyssal Knight on Sept 16, 2021.
             Was a Follower of Lugonu.
             Killed from afar by a starcursed mass (8 damage)
             ... with an accursed screaming
             ... on level 1 of the Abyss.
             The game lasted 00:00:29 (192 turns).

spiderkeys the Skirmisher (Octopode Abyssal Knight)  Turns: 192, Time: 00:00:30

Health: -1/21      AC:  1    Str: 11    XL:     2   Next: 0%
Magic:  3/3        EV: 13    Int: 14    God:    Lugonu [*.....]
Gold:   0          SH:  0    Dex: 11    Spells: 1/1 levels left

rFire   . . .      SeeInvis .   a - +1 spear
rCold   . . .      Faith    .   (no shield)
rNeg    . . .      Spirit   .   (helmet restricted)
rPois   .          Reflect  .   (no amulet)
rElec   .          Harm     .   (no ring)
rCorr   .          Rampage  .   (no ring)
Will    .....                   (no ring)
Stlth   ++........              (no ring)
HPRegen 0.07/turn               (no ring)
MPRegen 0.08/turn               (no ring)
                                (no ring)
                                (no ring)

@: no status effects
A: almost no armour, amphibious, 8 rings, camouflage 1, gelatinous body 1,
(nimble swimmer 1), tentacles
a: Renounce Religion, Depart the Abyss


You were on level 1 of the Abyss.
You worshipped Lugonu.
Lugonu was aware of your devotion.
You visited 0 branches of the dungeon, and saw 0 of its levels.
You visited the Abyss 1 time.


Innate Abilities, Weirdness & Mutations

You cannot wear most types of armour.
You are amphibious.
You can wear up to eight rings at the same time.
Your skin changes colour to match your surroundings (Stealth+).
Your rubbery body absorbs attacks. (AC +1, EV +1)
((You are camouflaged near water. (Stealth+)))
You have tentacles for arms and can constrict up to eight enemies at once.


   Skills:
 + Level 3.1 Fighting
 + Level 2.1 Polearms
 + Level 2.5 Dodging
 + Level 2.2 Invocations


You had one spell level left.
You didn't know any spells.
Your spell library was empty.

Inventory:

Hand Weapons
 a - a +1 spear (weapon)

Dungeon Overview and Level Annotations

Branches:
Dungeon (0/15)

Altars:

#..# .. # .. ....
##.#...#..##
..... . ##.
..#..... X. .#. #
.. ...#.#.#...#.
#. ...#
≈≈..###.##. # #
...#≈≈≈≈≈.##
..#....
....#.≈≈≈[≈.## ..
.##....≈≈≈≈≈≈.##.
###@.....≈≈≈≈≈≈
###...#....#≈♣≈≈
##..#....#...# ≈
#X##.#.#.....#.#
##..#..##.#... #
#...X.###...#....
#.....#.#... #.#.
#####......## #.
###### # #


You could see 2 starcursed masses.


Message History

🤖 Initializing magus.rc ...
Options error: Delay interrupt name "hungry" not recognised. (~/.crawlrc:4988) ✅ Successfully initialized magus.rc [v1.9.10] Welcome, spiderkeys the Octopode Abyssal Knight.
Will you be the one to retrieve the fabulous Orb of Zot from the depths?
Lugonu says: Depart the Abyss and spread corruption, my servant! (use the ability menu to exit the Abyss) Press ? for a list of commands and other information.
Found a corrupted altar of Lugonu.
Found a gateway leading out of the Abyss.
Found a gateway leading out of the Abyss.
You see here a +0 robe.
A large abomination comes into view.
A white imp comes into view.
A starcursed mass comes into view.
The white imp shouts, "Escape, thou mewling miscreant vassal!"
A starcursed mass splits.
You hit the white imp. You grab the white imp.
You constrict the white imp, but do no damage.
A starcursed mass splits.
The white imp hits you. The white imp freezes you. 😮 HP[-6]
You take 6 damage, and now have 10/16 hp.
MASSIVE DAMAGE!! (PAUSE)
You hit the white imp. You constrict the white imp.
A starcursed mass splits.
The white imp barely misses you.
You hit the white imp.
You kill the white imp!
You have reached level 2! 😮 HP[+3] MP[+1]
You now have 21 max hp (+5).
You regained 3 hp, and now have 13/21 hp.
Your mp is fully restored (3). 😮 HP[+1] 😮 HP[+1]
The starcursed mass shrieks in your mind.
* * * LOW HITPOINT WARNING * * *
😨 HP[-8]
You take 8 damage, and now have 7/21 hp.
MASSIVE DAMAGE!! (PAUSE)
A chorus of shrieks assaults your mind.
You die...

Action                   || total
-------------------------++-------
Melee: Spear             ||     3
       Constrict         ||     1
Dodge: Dodged            ||     1

Levels and vault maps discovered:
Abyss:1:  base: Temple, base:
Temple

Notes
Turn   | Place    | Note
-------+----------+-------------------------------------------
     0 | Abyss:1  | spiderkeys the Octopode Abyssal Knight began the quest for
                  | the Orb.
     0 | Abyss:1  | Reached XP level 1. HP: 16/16 MP: 2/2
     0 | Abyss:1  | magus.rc [v1.9.10]
    21 | Abyss:1  | Found a corrupted altar of Lugonu.
    92 | Abyss:1  | Noticed a large abomination
   160 | Abyss:1  | Noticed a starcursed mass
   170 | Abyss:1  | Reached XP level 2. HP: 13/21 MP: 3/3
   192 | Abyss:1  | Killed from afar by a starcursed mass

Vanquished Creatures
  A white imp (Abyss:1)
1 creature vanquished.

Table legend:
 A = Non-vault XP
 B = Vault XP
 C = Vault XP percentage of total XP
 D = Non-vault monster count
 E = Vault monster count
 F = Vault count percentage of total count
                 A         B        C        D         E       F
            +---------+---------+-------+---------+---------+-------
      Total |      10 |       0 |   0.0 |       1 |       0 |   0.0
            +---------+---------+-------+---------+---------+-------
    Abyss:1 |      10 |       0 |   0.0 |       1 |       0 |   0.0
            +---------+---------+-------+---------+---------+-------

Illustrated notes

Table legend:
 A = Kills in this place as a percentage of kills in entire the game.
 B = Kills by you in this place as a percentage of kills by you in the entire game.
 C = Kills by friends in this place as a percentage of kills by friends in the entire game.
 D = Other kills in this place as a percentage of other kills in the entire game.
 E = Experience gained in this place as a percentage of experience gained in the entire game.
 F = Experience gained in this place divided by the number of levels of this place that you have seen.
                   A       B       C       D       E      F
               +-------+-------+-------+-------+-------+----------------------
         Total | 100.0 | 100.0 |   N/A |   N/A | 100.0 |  10.0
         Abyss | 100.0 | 100.0 |   N/A |   N/A | 100.0 |  10.0
               +-------+-------+-------+-------+-------+----------------------

Table legend: (Time is in decaauts)
 A = Elapsed time spent in this place.
 B = Non-inter-level travel time spent in this place.
 C = Inter-level travel time spent in this place.
 D = Time resting spent in this place.
 E = Time spent auto-exploring this place.
 F = Levels seen in this place.
 G = Mean time per level.
                   A        B        C        D        E       F      G
               +--------+--------+--------+--------+--------+-----+--------+
         Total |    192 |    192 |      0 |      0 |     91 |   1 |  192.0 |
         Abyss |    192 |    192 |      0 |      0 |     91 |   1 |  192.0 |
               +--------+--------+--------+--------+--------+-----+--------+

Top non-repeatable levels by time:
 Abyss:1: 192 daAuts
